 Dungeon Crawl Stone Soup version 0.30-a0-341-g682706514a (webtiles) character file.

Game seed: 7545554498735057826

793 koil the Insei (level 7, -5/59 HPs)
             Began as a Red Draconian Transmuter on Nov 4, 2022.
             Slain by a lemure (6 damage)
             ... led by Pikel
             ... on level 4 of the Dungeon on Nov 5, 2022.
             The game lasted 00:09:02 (3263 turns).

koil the Insei (Red Draconian Transmuter)           Turns: 3263, Time: 00:09:03

Health: -5/59      AC:  6    Str: 19    XL:     7   Next: 57%
Magic:  10/12      EV: 13    Int: 19    God:
Gold:   184        SH:  0    Dex: 13    Spells: 10/13 levels left

rFire   + . .      SeeInvis .      - Unarmed
rCold   . . .      Faith    .    (no shield)
rNeg    . . .      Spirit   .    (body armour unavailable)
rPois   .          Reflect  .    (helmet currently unavailable)
rElec   .          Harm     .    (no cloak)
rCorr   .          Rampage  .    (no gloves)
Will    .....                    (boots currently unavailable)
Stlth   +.........               (no amulet)
HPRegen 0.29/turn                p - +6 ring of strength
MPRegen 0.13/turn                s - +6 ring of intelligence

@: short of breath, appendages, wereblooded
A: horns 2, talons 2, breathe fire, AC +6, unfitting armour, fire resistance 1,
cold-blooded
a: Breathe Fire, End Transformation


You were on level 4 of the Dungeon.
You had temporarily grown beastly horns and talons.
You visited 1 branch of the dungeon, and saw 4 of its levels.

You collected 184 gold pieces.

Inventory:

Hand Weapons
 b - a +1 short sword of protection
 c - a +1 falchion of holy wrath
Armour
 v - an orb of energy
Magical Staves
 l - a staff of earth
 C - a staff of air
Jewellery
 h - a ring of fire
 p - a +6 ring of strength (left hand)
 s - a +6 ring of intelligence (right hand)
 B - a ring of wizardry
Wands
 u - a wand of flame (12)
 y - a wand of roots (3)
Scrolls
 d - 5 scrolls of teleportation {unknown}
 g - a scroll of poison {unknown}
 i - a scroll of silence {unknown}
 o - 3 scrolls of immolation {unknown}
 r - a scroll of enchant weapon {unknown}
 t - a scroll of butterflies {unknown}
 A - a scroll of enchant armour {unknown}
Potions
 a - 3 potions of lignification
 e - a potion of invisibility {unknown}
 f - a potion of berserk rage {unknown}
 j - a potion of might {unknown}
 k - 2 potions of flight {unknown}
 m - 2 potions of ambrosia {unknown}
 n - 3 potions of heal wounds {unknown}
 q - a potion of curing {unknown}
 w - 2 potions of haste {unknown}
 x - a potion of brilliance {unknown}
 z - 2 potions of magic {unknown}


   Skills:
 + Level 4.1 Fighting
 + Level 3.7 Dodging
 + Level 4.8 Unarmed Combat
 + Level 3.8 Spellcasting
 + Level 4.1 Transmutations
 + Level 0.8 Ice Magic


You had 10 spell levels left.
You knew the following spells:

 Your Spells              Type           Power      Damage    Failure   Level
a - Beastly Appendage     Tmut           38%        N/A       2%          1
b - Wereblood             Tmut           19%        N/A       3%          2

Your spell library contained the following spells:

 Spells                   Type           Power      Damage    Failure   Level
 Spider Form              Tmut/Pois      11%        N/A       19%         3
 Scorch                   Fire           6%         2d5       22%         2
 Ice Form                 Ice/Tmut       13%        N/A       45%         4
 Flame Wave               Conj/Fire      3%         2d5       80%         4
 Summon Cactus Giant      Summ           1%         N/A       100%        6


Dungeon Overview and Level Annotations

Branches:
Dungeon (4/15)
 Temple: D:4-7

Altars:
Fedhas

Annotations:
D:4 Dowan, Duvessa, Pikel


Innate Abilities, Weirdness & Mutations

You have temporarily grown beastly horns and talons.
You can breathe blasts of fire.
Your fiery red scales are hard. (AC +6)
You cannot fit into any form of body armour.
Your flesh is heat resistant. (rF+)
You are cold-blooded and may be slowed by cold attacks.


Message History

The lemure barely misses you. The lemure closely misses you.
The lemure hits you. The lemure hits you! Pikel closely misses you.
You miss Pikel. You claw Pikel, but do no damage.
Pikel is heavily wounded.
The lemure barely misses you. The lemure completely misses you.
The lemure barely misses you. The lemure hits you.
Pikel hits you with a +0 whip of freezing.
Pikel freezes you.
Dowan, Brother of Duvessa comes into view.
He is wielding a +0 dagger.
Dowan shouts!
You punch Pikel!
Pikel is heavily wounded.
The lemure barely misses you. The lemure hits you. x2
Pikel hits you with a +0 whip of freezing.
You feel yourself slow down. Pikel freezes you. The lemure closely misses you.
You hit Pikel but do no damage.
Pikel is heavily wounded.
The lemure barely misses you. The lemure closely misses you.
The lemure hits you.
* * * LOW HITPOINT WARNING * * *
The lemure closely misses you.
Pikel hits you with a +0 whip of freezing.
* * * LOW HITPOINT WARNING * * *
Pikel freezes you.
* * * LOW HITPOINT WARNING * * *
You hit Pikel. You claw Pikel. Your headbutt misses Pikel.
Pikel is severely wounded.
You feel yourself speed up.
The lemure barely misses you. x2; The lemure hits you but does no damage.
Pikel hits you with a +0 whip of freezing!
* * * LOW HITPOINT WARNING * * *
Pikel freezes you.
* * * LOW HITPOINT WARNING * * *
The lemure closely misses you.
You hit Pikel. You headbutt Pikel.
Pikel is almost dead.
The lemure hits you.
* * * LOW HITPOINT WARNING * * *
The lemure hits you.
You die...

##....# #..........##...#..#
#....######...รท....##......##
#.........................##
#....#####.........e#....##
##...# #..............## #).##
#.............## #..#
#.....e......## ##.#
##...5K5....## #.#
##...@5.#...## #.#
###..5......## #.#
#.....#...#.# #.#
##........#.#.# #.#
#......##.##.#.# ###.###
#.....###..##.#.# #.....#
##....####..##.#.
#.....######.....##.....##.#
#.....##.......####......##.


You could see Pikel, Duvessa, 4 lemures and Dowan.

Vanquished Creatures
  Grinder (D:3)
  Sigmund (D:3)
  A bullfrog (D:4)
  A necrophage (D:4)
  A gnoll bouda (D:4)
  Natasha (thrice) (D:3)
  2 orc wizards (D:2)
  7 gnolls
  5 adders
  A worm (D:3)
  2 dart slugs
  3 orcs
  5 ball pythons
  4 endoplasms
  2 giant cockroaches
  2 goblins
  7 hobgoblins
  5 kobolds
  10 bats
  A frilled lizard (D:3)
  5 rats
69 creatures vanquished.

Notes
Turn   | Place    | Note
-------+----------+-------------------------------------------
     0 | D:1      | koil the Draconian Transmuter began the quest for the Orb.
     0 | D:1      | Reached XP level 1. HP: 16/16 MP: 3/3
   188 | D:1      | Reached XP level 2. HP: 16/23 MP: 3/5
   191 | D:1      | Learned a level 2 spell: Wereblood
   851 | D:2      | Reached XP level 3. HP: 21/29 MP: 4/6
  1026 | D:2      | Found a blossoming altar of Fedhas.
  1145 | D:2      | Reached XP level 4. HP: 28/36 MP: 5/7
  1672 | D:3      | Reached XP level 5. HP: 35/42 MP: 6/9
  1787 | D:3      | Noticed Sigmund
  1812 | D:3      | Killed Sigmund
  1813 | D:3      | Reached XP level 6. HP: 23/51 MP: 10/10
  1955 | D:3      | Noticed Natasha
  1961 | D:3      | Killed Natasha
  2063 | D:3      | Noticed Natasha
  2068 | D:3      | Killed Natasha
  2128 | D:3      | Noticed Natasha
  2133 | D:3      | Killed Natasha
  2153 | D:3      | Noticed Grinder
  2168 | D:3      | Paralysed by Grinder for 4 turns
  2176 | D:3      | Killed Grinder
  2177 | D:3      | Your scales start taking on a fiery red colour.
  2177 | D:3      | Reached XP level 7. HP: 32/58 MP: 9/12
  2177 | D:3      | Gained mutation: Your flesh is heat resistant. (rF+) [Red
                  | Draconian growth]
  3249 | D:4      | Noticed Pikel
  3254 | D:4      | Noticed Duvessa
  3259 | D:4      | Noticed Dowan
  3262 | D:4      | HP: 2/59 [Pikel/+0 whip of freezing (4)]
  3263 | D:4      | Slain by a lemure

Illustrated notes

Levels and vault maps discovered:
D:1:      minmay_arrival_five_plusses, layout_rooms, minmay_misc_feat_cross
D:2:      layout_loops_corners, basic_altar
D:3:      layout_loops_cross, minmay_quadrilaterals, uniq_grinder, uniq_natasha,
          uniq_sigmund
D:4:      minmay_inner_zag, layout_rooms, nicolae_ru_path_of_blood,
          mainiacjoe_overflow_24_doors, st_stairs_5, hangedman_decor_slide_cut,
          uniq_pikel, uniq_duvessa, uniq_eustachio

Skill      XL: |  1  2  3  4  5  6  7 |
---------------+----------------------+-----
Dodging        | 2 3 |  3.7
Fighting       | 2 3 4 |  4.1
Transmutations | 3 4 |  4.1
Unarmed Combat | 4 |  4.8
Spellcasting   | 3 |  3.8
Ice Magic      | |  0.8

Action                   |  1- 3 |  4- 6 |  7- 9 || total
-------------------------+-------+-------+-------++-------
Melee: Unarmed           |    85 |    54 |    73 ||   212
       Tailslap          |    10 |     8 |     7 ||    25
       Headbutt          |     5 |    12 |     6 ||    23
       Kick              |     8 |    15 |     7 ||    30
       Punch             |     1 |     4 |     2 ||     7
       Short sword       |       |    33 |       ||    33
 Cast: Beastly Appendage |     6 |     9 |     5 ||    20
       Wereblood         |       |     2 |     1 ||     3
 Abil: Breathe Fire      |       |       |     4 ||     4
 Stab: Sleeping          |       |       |     1 ||     1
Armor: Skin              |    31 |    33 |    19 ||    83
Dodge: Dodged            |    64 |    31 |    62 ||   157

Table legend: (Time is in decaauts)
 A = Elapsed time spent in this place.
 B = Non-inter-level travel time spent in this place.
 C = Inter-level travel time spent in this place.
 D = Time resting spent in this place.
 E = Time spent auto-exploring this place.
 F = Levels seen in this place.
 G = Mean time per level.
                   A        B        C        D        E       F      G
               +--------+--------+--------+--------+--------+-----+--------+
         Total |   3257 |   3220 |     37 |      0 |   2571 |   4 |  814.2 |
       Dungeon |   3257 |   3220 |     37 |      0 |   2571 |   4 |  814.2 |
               +--------+--------+--------+--------+--------+-----+--------+

Top non-repeatable levels by time:
     D:2: 1037 daAuts
     D:3: 1026 daAuts
     D:1: 606 daAuts
     D:4: 586 daAuts
